 Dungeon Crawl Stone Soup version bcrawl-1.12-10-g10a67aac0f (webtiles) character file.

Game seed: 1987284572892966425

401 MisterOstroum the Cudgeler (level 7, 0/56 HPs)
             Began as a Formicid Archaeologist on June 16, 2019.
             Was a Follower of Cheibriados.
             Slain by an ogre
             ... wielding a +0 giant spiked club
              (12 damage)
             ... on level 3 of the Dungeon.
             The game lasted 00:05:50 (3142 turns).

MisterOstroum the Cudgeler (Formicid Archaeologist) Turns: 3142, Time: 00:05:50

Health: 0/56       AC:  7    Str: 21    XL:     7   Next: 11%
Magic:  7/7        EV: 13    Int: 16    God:    Cheibriados [*.....]
Gold:   134        SH:  0    Dex: 12    Spells: 6/6 levels left

rFire    . . .     SeeInvis +   s - +0 flail
rCold    . . .     Gourm    .   (no shield)
rNeg     . . .     Faith    .   a - +1 robe
rPois    .         Spirit   .   (helmet unavailable)
rElec    .         Reflect  .   (no cloak)
rCorr    .         Harm     .   c - +1 pair of gloves
MR       .....                  b - +1 pair of boots
Stlth    ++........             (no amulet)
HPRegen  0.18/turn              (no ring)
MPRegen  0.10/turn              (no ring)

@: studying Maces & Flails, very slow
A: permanent stasis, dig shafts and tunnels, four strong arms, antennae 3
a: Dig, Shaft Self, Bend Time, Renounce Religion


You were on level 3 of the Dungeon.
You worshipped Cheibriados.
Cheibriados was aware of your devotion.
You were not hungry.

You visited 1 branch of the dungeon, and saw 3 of its levels.

You collected 134 gold pieces.

Inventory:

Hand Weapons
 h - a +0 club
 i - a +0 dagger
 o - a +0 dagger of draining
 s - a +0 flail (weapon)
 w - a cursed -1 hand axe
Missiles
 m - 1114 stones
 x - 81 tomahawks (quivered)
Armour
 a - a +1 robe (worn)
 b - a +1 pair of boots (worn)
 c - a +1 pair of gloves (worn)
Wands
 p - a wand of paralysis (4)
Scrolls
 g - 2 scrolls of enchant armour {unknown}
 j - 3 scrolls of identify {unknown}
 k - 4 scrolls of teleportation {unknown}
 r - a scroll of remove curse {unknown}
 t - a scroll of amnesia {unknown}
 v - a scroll of enchant weapon {unknown}
Potions
 l - 2 potions of invisibility {unknown}
 n - 3 potions of curing {unknown}
 q - a potion of magic {unknown}
 z - a potion of degeneration {unknown}
 A - a potion of heal wounds {unknown}
Books
 d - a manual of Maces & Flails
Miscellaneous
 f - an ancient crate
Comestibles
 e - 4 rations {!d}


   Skills:
 + Level 5.4 Fighting
 + Level 6.3 Maces & Flails
 - Level 2.6 Dodging
 - Level 4.0 Stealth
 + Level 0.0 Invocations


You had 6 spell levels left.
You didn't know any spells.
Your spell library was empty.

Dungeon Overview and Level Annotations

Branches:
Dungeon (3/12)

Altars:
Ashenzari
Cheibriados
Sif Muna
Trog

Annotations:
D:2 1 runed door, exclusion: door


Innate Abilities, Weirdness & Mutations

You cannot be hasted, slowed, berserked, paralysed or teleported.
You can dig through walls and to a lower floor.
Your four strong arms can wield two-handed weapons with a shield.
You have a pair of large antennae on your head. (SInv)


Message History

Cheibriados thoroughly appreciates the change of pace.
You feel sick.
You barely miss the orc.
You feel sick. The orc barely misses you.
You closely miss the orc. The orc hits you with a cursed -1 club.
You hit the orc.
The orc is lightly wounded.
You feel sick. The orc barely misses you.
You hit the orc.
The orc is heavily wounded.
The orc hits you but does no damage.
You sock the orc!
You kill the orc!
Cheibriados appreciates the change of pace.
You feel sick.
You barely miss the orc. The orc closely misses you.
The orc hits you but does no damage.
You completely miss the orc. The orc misses you.
You hit the orc.
The orc is heavily wounded.
You feel sick. The orc barely misses you.
You closely miss the orc.
The orc is heavily wounded.
The orc hits you but does no damage.
You hit the orc.
You kill the orc!
Cheibriados thoroughly appreciates the change of pace.
You feel sick.
Some of the chunks of flesh in your inventory have rotted away.
m - 1114 stones (gained 148)
Items here: )))) ††† You feel sick.
Items here: )))) ††† Butcher an orc corpse? [(y)es/(n)o/(a)ll/(q)uit/?]
You butcher the orc corpse. x2
You feel sick.
You butcher the orc corpse.
u - 10 chunks of flesh (gained 2);
u - 11 chunks of flesh (gained 1)
u - 15 chunks of flesh (gained 4)
Items here: )))) ÷÷÷ Eating one of 15 chunks of flesh.
You eat one of the 15 chunks of flesh.
This raw flesh tastes terrible.
You feel sick.
You feel sick.
You feel sick.
Some of the chunks of flesh in your inventory have rotted away.
You feel sick.
You are no longer poisoned.
Some of the chunks of flesh in your inventory have rotted away.
Key pressed, stopping explore.
You butcher the quokka corpse.
u - 8 chunks of flesh (gained 1)
You see here a quokka skeleton. x2
Things that are here:
a +0 club; a +0 ring mail; an orc corpse You butcher the orc corpse.
u - 12 chunks of flesh (gained 4)
Things that are here:
a +0 club; a +0 ring mail; an orc skeleton
Things that are here:
a +0 club; a +0 ring mail; an orc skeleton Some of the chunks of flesh in your inventory have rotted away.
All of the chunks of flesh in your inventory have rotted away.
Items here: ))) [[[ You see here a +0 dagger.
You now have 134 gold pieces (gained 15).
A dart slug comes into view.
There are monsters nearby!
There are monsters nearby!
Okay, then.
Throwing (i - inventory. (/) - cycle)
x - 84 tomahawks (quivered)
Press: ? - help, Shift-Dir - straight line, f - ogre
Aim: an ogre, wielding a +0 giant spiked club (hasn't noticed you)
You throw a tomahawk. The tomahawk hits the ogre.
The ogre is lightly wounded.
Throwing (i - inventory. (/) - cycle)
x - 83 tomahawks (quivered)
Press: ? - help, Shift-Dir - straight line, f/p - ogre
Aim: an ogre, wielding a +0 giant spiked club (lightly wounded)
You throw a tomahawk. The tomahawk hits the ogre.
The ogre is lightly wounded.
Throwing (i - inventory. (/) - cycle)
x - 82 tomahawks (quivered)
Press: ? - help, Shift-Dir - straight line, f/p - ogre
Aim: an ogre, wielding a +0 giant spiked club (lightly wounded)
You throw a tomahawk. The tomahawk hits the ogre.
The ogre is lightly wounded.
You barely miss the ogre.
The ogre is lightly wounded.
The ogre hits you with a +0 giant spiked club!!
You hit the ogre.
The ogre is moderately wounded.
You barely miss the ogre.
The ogre is moderately wounded.
The ogre hits you with a +0 giant spiked club!!
* * * LOW HITPOINT WARNING * * *
You closely miss the ogre.
The ogre is moderately wounded.
The ogre barely misses you.
You sock the ogre!
The ogre is heavily wounded.
The ogre hits you with a +0 giant spiked club!
You die...

#.......#.#
#.#####.#.# ###
..#
#.#.......>..#
###
#.####..O.....
#.# #.#####.#
#.# #.# #.# #.#
#.# #.# #[#
#.#####.##.###
#.#
#....@O.......w
## #.##
#..####........
.# #..# #..#
########. .#
##.# #..# # #.#
#..# # #.# #..#
.# #.# #..#
.#######.###).#
...........)..#


You could see an ogre.

Vanquished Creatures
  A bullfrog (D:3)
  A scorpion (D:3)
  An orc priest (D:3)
  4 orc wizards (D:3)
  3 gnolls (D:3)
  5 adders
  A worm (D:3)
  3 leopard geckos (D:2)
  15 orcs
  2 bats
  6 giant cockroaches
  5 goblins
  8 hobgoblins
  3 kobolds
  A quokka (D:3)
  A ball python skeleton (D:3)
  4 frilled lizards
  6 rats
70 creatures vanquished.

Notes
Turn   | Place    | Note
-------+----------+-------------------------------------------
     0 | D:1      | MisterOstroum the Formicid Archaeologist began the quest
                  | for the Orb.
     0 | D:1      | Reached XP level 1. HP: 15/15 MP: 1/1
   447 | D:1      | Reached XP level 2. HP: 21/22 MP: 2/2
   797 | D:2      | Reached skill level 1 in Maces & Flails
   949 | D:2      | Reached XP level 3. HP: 16/28 MP: 3/3
  1243 | D:2      | Reached skill level 2 in Maces & Flails
  1247 | D:2      | Found a shattered altar of Ashenzari.
  1422 | D:2      | Found a snail-covered altar of Cheibriados.
  1437 | D:2      | Became a worshipper of Cheibriados the Contemplative
  1595 | D:2      | Reached XP level 4. HP: 28/35 MP: 4/4
  1712 | D:2      | Found a bloodstained altar of Trog.
  1828 | D:2      | Found a runed door.
  2022 | D:2      | Found a deep blue altar of Sif Muna.
  2080 | D:3      | Found a bloodstained altar of Trog.
  2080 | D:3      | Noticed a bullfrog
  2092 | D:3      | Killed a bullfrog
  2092 | D:3      | Reached skill level 3 in Maces & Flails
  2092 | D:3      | Reached XP level 5. HP: 23/42 MP: 5/5
  2285 | D:3      | Reached skill level 4 in Maces & Flails
  2321 | D:3      | Reached * piety under Cheibriados
  2374 | D:3      | Reached XP level 6. HP: 16/49 MP: 3/6
  2377 | D:3      | Reached skill level 5 in Maces & Flails
  2392 | D:3      | Noticed an ogre
  2719 | D:3      | Reached skill level 5 in Fighting
  2738 | D:3      | Reached skill level 6 in Maces & Flails
  2745 | D:3      | Reached XP level 7. HP: 34/56 MP: 7/7
  3142 | D:3      | Slain by an ogre

Skill      XL: |  1  2  3  4  5  6 |
---------------+-------------------+-----
Fighting       | 2 3 4 5 |  5.4
Maces & Flails | 1 2 3 4 6 |  6.3
Dodging        | |  2.6
Stealth        | |  4.0

Action                   |  1- 3 |  4- 6 |  7- 9 || total
-------------------------+-------+-------+-------++-------
Melee: Unarmed           |    33 |       |       ||    33
       Club              |   151 |       |       ||   151
       Flail             |    17 |   106 |    27 ||   150
Throw: Stone             |       |     8 |       ||     8
       Tomahawk          |       |       |     3 ||     3
Invok: Bend Time         |       |     1 |       ||     1
 Abil: Dig               |     1 |       |       ||     1
Evoke: Wand              |       |     3 |       ||     3
 Stab: Sleeping          |     3 |     5 |       ||     8
       Paralysed         |       |     6 |       ||     6
  Eat: Chunk             |     2 |     4 |     1 ||     7
Armor: Robe              |    79 |    45 |     8 ||   132
Dodge: Dodged            |   154 |    74 |    16 ||   244
